 Dungeon Crawl Stone Soup version 0.29-a0-892-g2c4c91d9db (webtiles) character file.

Game seed: 16652010522284047184

24268 Locuples the Fencer (level 12, 0/154 HPs)
             Began as a Minotaur Berserker on July 22, 2022.
             Was a Priest of Trog.
             Slain by a 15-headed hydra (10 damage)
             ... on level 13 of the Dungeon.
             The game lasted 00:33:06 (16068 turns).

Locuples the Fencer (Minotaur Berserker)           Turns: 16068, Time: 00:33:07

Health: 0/154      AC: 22    Str: 27    XL:     12   Next: 79%
Magic:  11/11      EV:  9    Int:  4    God:    Trog [***...]
Gold:   698        SH:  0    Dex: 10    Spells: 11/11 levels left

rFire   + . .      SeeInvis .   o - +8 long sword (freeze)
rCold   . . .      Faith    .   (no shield)
rNeg    + . .      Spirit   .   r - +0 plate armour {rF+}
rPois   .          Reflect  .   D - +0 hat {Stlth+}
rElec   .          Harm     .   M - +2 cloak
rCorr   +          Rampage  .   (no gloves)
Will    ++...                   v - +0 pair of boots
Stlth   ..........              (no amulet)
HPRegen 1.35/turn               A - ring of positive energy
MPRegen 0.12/turn               H - ring of resist corrosion

@: berserking, strong-willed, regenerating, very quick
A: horns 2, retaliatory headbutt, frail 1, screaming 1
a: Renounce Religion, Berserk, Trog's Hand


You were on level 13 of the Dungeon.
You worshipped Trog.
Trog was most pleased with you.
You visited 1 branch of the dungeon, and saw 13 of its levels.
You also visited: Bailey.

You collected 1118 gold pieces.
You spent 420 gold pieces at shops.

Inventory:

Hand Weapons
 o - a +8 long sword of freezing (weapon)
Armour
 r - a +0 plate armour of fire resistance (worn)
 v - a +0 pair of boots (worn)
 D - a +0 hat of stealth (worn)
 M - a +2 cloak (worn)
Jewellery
 c - a ring of flight
 A - a ring of positive energy (left hand)
 H - a ring of resist corrosion (right hand)
Wands
 i - a wand of iceblast (5)
 x - a wand of mindburst (16)
 z - a wand of polymorph (7)
 F - a wand of quicksilver (5)
Scrolls
 d - 3 scrolls of teleportation
 e - a scroll of identify
 g - a scroll of fear {unknown}
 p - a scroll of summoning {unknown}
 q - a scroll of torment {unknown}
 t - 3 scrolls of silence
 y - 2 scrolls of blinking
Potions
 a - 4 potions of berserk rage {unknown}
 b - 5 potions of brilliance
 h - 3 potions of haste {unknown}
 j - 2 potions of resistance
 k - 3 potions of degeneration {unknown}
 l - a potion of curing
 n - 3 potions of heal wounds {unknown}
 s - 2 potions of ambrosia {unknown}
 w - 5 potions of flight
 B - 2 potions of lignification {unknown}
 C - 2 potions of attraction {unknown}
 G - 3 potions of cancellation {unknown}
Miscellaneous
 K - a tin of tremorstones (1/2)


   Skills:
 + Level 13.6 Fighting
 + Level 15.8 Long Blades
 + Level 15.3 Armour
 + Level 5.3 Dodging


You had 11 spell levels left.
You didn't know any spells.
Your spell library was empty.

Dungeon Overview and Level Annotations

Branches:
Dungeon (13/15)            Temple (0/1) D:4            Lair (0/5) D:10
    Orc (0/2) D:9          Bailey (visited)
 Vaults: D:13-14

Altars:
Elyvilon
Kikubaaqudgha
Makhleb
Okawaru
Uskayaw
Wu Jian

Shops:
D:4 [   D:11 :   D:12 :

Portals:
Trove: D:11 (give 6 scrolls of fear)


Innate Abilities, Weirdness & Mutations

You have a pair of horns on your head.
You reflexively headbutt those who attack you in melee.
You are frail. (-10% HP)
You occasionally shout uncontrollably at your foes.


Message History

The 12-headed hydra barely misses you.
The 12-headed hydra bites you but does no damage.
The 12-headed hydra closely misses you. The 12-headed hydra bites you!
* * * LOW HITPOINT WARNING * * *
The 12-headed hydra bites you but does no damage. x3
The 12-headed hydra barely misses you.
The 12-headed hydra bites you but does no damage.
Okay, then.
A red film seems to cover your vision as you go berserk!
You feel yourself moving faster!
You feel mighty! The 12-headed hydra bites you!
* * * LOW HITPOINT WARNING * * *
The 12-headed hydra bites you!
* * * LOW HITPOINT WARNING * * *
The 12-headed hydra barely misses you.
The 12-headed hydra bites you but does no damage.
The 12-headed hydra bites you.
* * * LOW HITPOINT WARNING * * *
The 12-headed hydra bites you but does no damage.
The 12-headed hydra barely misses you.
The 12-headed hydra bites you but does no damage. x2
The 12-headed hydra bites you.
* * * LOW HITPOINT WARNING * * *
The 12-headed hydra closely misses you.
The 12-headed hydra bites you but does no damage.
You lop one of the 12-headed hydra's heads off!
The 11-headed hydra grows two more!
You slash the 13-headed hydra!
The 13-headed hydra seems to slow down.
You freeze the 13-headed hydra!
The 13-headed hydra is heavily wounded.
You hack one of the 13-headed hydra's heads off!
The 12-headed hydra grows two more!
You slash the 14-headed hydra!
The 14-headed hydra seems to slow down.
You freeze the 14-headed hydra.
The 14-headed hydra is severely wounded.
You chop one of the 14-headed hydra's heads off!
The 13-headed hydra grows two more!
You slash the 15-headed hydra!
The 15-headed hydra seems to slow down.
You freeze the 15-headed hydra.
The 15-headed hydra is severely wounded.
The 15-headed hydra bites you but does no damage. x2
The 15-headed hydra bites you!
You die... ≈≈≈≈≈≈♣# # ≈≈≈≈≈.[.# .......# ≈≈≈.#.# ≈S...
JJ...

#D#.# #@#.#
####.#.#
#....#.#
###...##.#
#........###
.............#
###........#.#
###...##.#.##
#...##....#####


You could see a 15-headed hydra (slow), 2 slime creatures and an electric eel.

Vanquished Creatures
  Jorgrun (D:12)
  Gastronok (D:9)
  Snorg (D:12)
  Erolcha (D:10)
  A two-headed ogre (D:9)
  Nergalle (D:10)
  Amaemon (D:8)
  Lodul (D:12)
  3 cyclopes
  Maurice (D:12)
  An orange demon (D:8)
  Joseph (D:7)
  A gargoyle (D:11)
  2 kobold demonologists (D:11)
  Maggie (D:8)
  A komodo dragon (D:12)
  A freezing wraith (D:12)
  An unseen horror (D:12)
  Psyche (D:9)
  4 trolls
  Prince Ribbit (D:5)
  4 hornets
  2 slime creatures (D:13)
  A shadow (D:10)
  6 wyverns
  18 yaks
  2 wraiths
  3 hogs (D:10)
  A basilisk (D:10)
  Eustachio (D:6)
  A human (D:10)
  Grum (D:8)
  A steam dragon (D:7)
  2 two-headed ogre zombies (D:12)
  8 water moccasins
  3 ice beasts
  12 orc warriors
  A black bear (D:10)
  A sky beast (D:7)
  2 centaurs
  4 wolves
  13 ogres
  3 phantoms
  4 kobold brigands
  2 bullfrogs
  3 scorpions
  18 wights
  An electric eel (D:13)
  Crazy Yiuf (D:2)
  5 hounds
  3 gnoll boudas
  7 orc priests
  5 jellies
  3 iguanas
  9 orc wizards
  Robin (D:2)
  12 gnolls
  8 adders
  4 shadow imps
  A white imp (D:5)
  2 worms
  5 dart slugs
  33 orcs
  9 ball pythons
  9 endoplasms
  2 giant cockroaches
  13 goblins
  6 hobgoblins
  6 jackals
  28 kobolds
  6 quokkas
  6 bats
  3 frilled lizards
  3 rats
335 creatures vanquished.

Vanquished Creatures (others)
  3 bushes (D:10)
  5 fungi (D:10)
  65 plants
  3 toadstools (D:7)
  4 withered plants (D:2)
80 creatures vanquished.

Grand Total: 415 creatures vanquished

Notes
Turn   | Place    | Note
-------+----------+-------------------------------------------
     0 | D:1      | Locuples the Minotaur Berserker began the quest for the
                  | Orb.
     0 | D:1      | Reached XP level 1. HP: 19/19 MP: 0/0
   309 | D:1      | Reached XP level 2. HP: 21/27 MP: 1/1
  1126 | D:1      | Reached XP level 3. HP: 29/33 MP: 2/2
  1269 | D:1      | Reached ** piety under Trog
  1753 | D:2      | Found a runed translucent door.
  1754 | D:2      | Noticed Crazy Yiuf
  1854 | D:2      | Killed Crazy Yiuf
  1855 | D:2      | Reached XP level 4. HP: 38/41 MP: 3/3
  1993 | D:2      | Noticed Robin
  2002 | D:2      | Killed Robin
  2101 | D:2      | Reached skill level 5 in Long Blades
  2234 | D:2      | Found a faded altar of an unknown god.
  2281 | D:2      | Found a burning altar of Makhleb.
  2294 | D:2      | Reached XP level 5. HP: 43/47 MP: 4/4
  2711 | D:3      | Identified the +1 leather armour "Nenex" {rF+}
  3067 | D:4      | Noticed a phantom
  3079 | D:4      | Killed a phantom
  3135 | D:4      | Reached skill level 5 in Fighting
  3135 | D:4      | Reached XP level 6. HP: 32/56 MP: 5/5
  3854 | D:4      | Found a staircase to the Ecumenical Temple.
  3996 | D:4      | Reached XP level 7. HP: 39/61 MP: 6/6
  4157 | D:4      | Found Duezer's Armour Shop.
  4320 | D:5      | Entered Level 5 of the Dungeon
  4357 | D:5      | Reached skill level 5 in Armour
  4367 | D:5      | Reached *** piety under Trog
  4559 | D:5      | Noticed Prince Ribbit
  4628 | D:5      | Killed Prince Ribbit
  4936 | D:5      | Reached XP level 8. HP: 50/70 MP: 7/7
  6014 | D:6      | Noticed Eustachio
  6058 | D:6      | Killed Eustachio
  6064 | D:6      | Reached skill level 10 in Long Blades
  6175 | D:6      | Identified the +8 flail of the Pit {vorpal, rC++ rN+ Int+6}
  6264 | D:6      | Reached XP level 9. HP: 78/78 MP: 8/8
  6884 | D:7      | Noticed a +0 short sword
  6884 | D:7      | Noticed a +0 falchion
  6888 | D:7      | Noticed a +0 spear
  6891 | D:7      | Noticed a +0 short sword
  6898 | D:7      | Found a hide-covered altar of Uskayaw.
  6898 | D:7      | Noticed a +0 dagger
  6898 | D:7      | Noticed a +0 falchion
  6899 | D:7      | Noticed a +0 dagger
  6900 | D:7      | Noticed a +0 spear
  6916 | D:7      | Noticed Joseph
  6933 | D:7      | Killed Joseph
  7158 | D:7      | Identified the +4 whip "Hatwuschuz" {vorpal, Fly Str+4
                  | Stlth-}
  7267 | D:7      | Found an ancient bone altar of Kikubaaqudgha.
  7689 | D:8      | Identified the +12 sling "Cuodif" {speed, rPois}
  7707 | D:8      | Paralysed by a hornet for 1 turns
  7758 | D:8      | Noticed Grum
  7774 | D:8      | Killed Grum
  8027 | D:8      | Reached XP level 10. HP: 88/88 MP: 9/9
  8085 | D:8      | Found a white marble altar of Elyvilon.
  8085 | D:8      | Found an iron altar of Okawaru.
  8103 | D:8      | Noticed Maggie
  8113 | D:8      | Killed Maggie
  8114 | D:8      | Reached skill level 10 in Armour
  8495 | D:8      | Noticed an orange demon
  8496 | D:8      | Noticed Amaemon
  8505 | D:8      | Killed Amaemon
  8513 | D:8      | Killed an orange demon
  8973 | D:9      | Paralysed by a hornet for 1 turns
  9198 | D:4      | Bought a +0 plate armour of fire resistance for 420 gold
                  | pieces
  9396 | D:9      | Found an ornate altar of the Wu Jian Council.
  9396 | D:9      | Noticed a two-headed ogre
  9402 | D:9      | Killed a two-headed ogre
  9495 | D:9      | Found a staircase to the Orcish Mines.
  9617 | D:9      | Noticed Psyche
  9639 | D:9      | Killed Psyche
  9783 | D:9      | Reached skill level 10 in Fighting
  9863 | D:9      | Noticed Gastronok
  9874 | D:9      | Killed Gastronok
  9875 | D:9      | Reached XP level 11. HP: 100/100 MP: 10/10
 10172 | D:9      | Reached skill level 5 in Dodging
 10413 | D:10     | Entered Level 10 of the Dungeon
 10472 | D:10     | Found a flagged portal.
 10502 | Bailey   | Entered a bailey
 10742 | Bailey   | Identified the +8 shortbow of Urgency {venom, rC+}
 10883 | D:10     | Noticed Erolcha
 10895 | D:10     | Killed Erolcha
 11098 | D:10     | Found a staircase to the Lair.
 11627 | D:10     | Noticed Nergalle
 11639 | D:10     | Killed Nergalle
 11820 | D:10     | Reached **** piety under Trog
 12309 | D:11     | Found a portal to a secret trove of treasure.
 12351 | D:11     | Reached XP level 12. HP: 95/112 MP: 11/11
 12753 | D:11     | Reached skill level 15 in Long Blades
 13143 | D:11     | Found Malokecvuc's Book Emporium.
 13387 | D:12     | Found Evuazet's Book Boutique.
 13529 | D:12     | Noticed Jorgrun
 13552 | D:12     | Killed Jorgrun
 13599 | D:12     | Noticed Maurice
 13655 | D:12     | Killed Maurice
 13706 | D:12     | Noticed Lodul
 13726 | D:12     | Killed Lodul
 14420 | D:12     | Found a transporter.
 14513 | D:12     | Noticed Snorg
 14525 | D:12     | Killed Snorg
 14526 | D:12     | Reached skill level 15 in Armour
 14605 | D:12     | Found a transporter.
 14829 | D:12     | Gained mutation: You occasionally shout uncontrollably at
                  | your foes. [potion of mutation]
 14829 | D:12     | Gained mutation: You are frail. (-10% HP) [potion of
                  | mutation]
 14829 | D:12     | Gained mutation: You sometimes lose your temper in combat.
                  | [potion of mutation]
 14829 | D:12     | Gained mutation: You have sharp fingernails. [potion of
                  | mutation]
 14830 | D:12     | Lost mutation: You sometimes lose your temper in combat.
                  | [potion of mutation]
 14830 | D:12     | Lost mutation: You have sharp fingernails. [potion of
                  | mutation]
 14830 | D:12     | Lost mutation: You are frail. (-10% HP) [potion of
                  | mutation]
 14830 | D:12     | Gained mutation: You occasionally lose the ability to read
                  | scrolls when taking damage. [potion of mutation]
 14830 | D:12     | Gained mutation: You have a somewhat thin skeletal
                  | structure. (Dex +2, Stealth+) [potion of mutation]
 14831 | D:12     | Lost mutation: You occasionally shout uncontrollably at
                  | your foes. [potion of mutation]
 14831 | D:12     | Lost mutation: You have a somewhat thin skeletal structure.
                  | (Dex +2, Stealth+) [potion of mutation]
 14831 | D:12     | Gained mutation: You occasionally shout uncontrollably at
                  | your foes. [potion of mutation]
 14831 | D:12     | Gained mutation: You are occasionally teleported next to
                  | monsters. [potion of mutation]
 14831 | D:12     | Gained mutation: You have sharp toenails. [potion of
                  | mutation]
 14832 | D:12     | Lost mutation: You have sharp toenails. [potion of
                  | mutation]
 14832 | D:12     | Lost mutation: You are occasionally teleported next to
                  | monsters. [potion of mutation]
 14832 | D:12     | Lost mutation: You occasionally lose the ability to read
                  | scrolls when taking damage. [potion of mutation]
 14832 | D:12     | Gained mutation: You are frail. (-10% HP) [potion of
                  | mutation]
 14857 | D:12     | HP: 6/154 [poisoned by a two-headed ogre zombie]
 14858 | D:12     | HP: 1/103 [poisoned by a two-headed ogre zombie]
 16048 | D:13     | Noticed a six-headed hydra
 16068 | D:13     | Slain by a 15-headed hydra

Illustrated notes

Levels and vault maps discovered:
D:1:      dpeg_arrival_arbitrary_a, layout_loops_ring, roderic_lattice_a,
          minivault_27
D:2:      layout_rooms, serial_forest, infiniplex_forest_diagonal,
          infiniplex_forest_zigzag_1, infiniplex_forest_clump_double,
          infiniplex_forest_3_way, infiniplex_forest_3_way,
          infiniplex_forest_corner_1, ebering_ecumenical_altar_petrified,
          basic_altar, uniq_robin, uniq_crazy_yiuf_cottage
D:3:      layout_rooms, serial_corexii_hall, corexii_hall_statues_x,
          chequers_hall_statues_wall_a
D:4:      layout_loops_corners, minmay_temple_entry_junction, serial_shops,
          nicolae_shop_window_shopping, nicolae_concentric_dashed_squares_wild
D:5:      layout_basic, uniq_prince_ribbit1
D:6:      layout_loops_ring, uniq_eustachio
D:7:      layout_basic, nicolae_uskayaw_en_pointe, mainiacjoe_overflow_paths,
          hex_tiny, minmay_gold_behind_fungi, kennysheep_generic_room_8,
          uniq_joseph
D:8:      layout_loops_ring, gammafunk_temple_overflow_elements,
          chequers_garden, uniq_maggie, uniq_amaemon, uniq_grum
D:9:      layout_cave_pods, pdpol_wu_jian_five_deadly_venoms, orc_0_dummy,
          uniq_gastronok, uniq_psyche
D:10:     layout_loops_cross, minmay_lair_entry_grove, enter_bailey_6,
          grunt_livestock, uniq_erolcha, uniq_nergalle
D:11:     layout_basic, nicolae_trove_entry_isolated, serial_shops,
          nicolae_shop_advertising_works [nicolae_subvault_shop_adworks]
D:12:     gammafunk_cloud_chamber, layout_basic, serial_shops, shop_statue,
          uniq_snorg, uniq_lodul, uniq_maurice, uniq_jorgrun
D:13:     layout_loops_ring, serial_bayou, serial_bayou_lagoon_b,
          serial_bayou_ford_a, serial_bayou_lake_a, serial_bayou_pond_a

Skill      XL: |  1  2  3  4  5  6  7  8  9 10 11 12 |
---------------+-------------------------------------+-----
Long Blades    | 4 5 6 7 8 10 12 13 14 15 | 15.8
Fighting       | 4 5 6 8 10 11 13 | 13.6
Armour         | 3 4 6 8 9 11 13 15 | 15.3
Dodging        | 3 4 5 |  5.3

Action                   |  1- 3 |  4- 6 |  7- 9 | 10-12 || total
-------------------------+-------+-------+-------+-------++-------
Melee: Falchion          |   121 |   160 |   330 |    20 ||   631
       Headbutt          |    13 |    23 |    67 |   118 ||   221
       Punch             |       |       |     3 |    10 ||    13
       Long sword        |       |       |       |   512 ||   512
       Unarmed           |       |       |       |     2 ||     2
Invok: Berserk           |     2 |     3 |    12 |    21 ||    38
       Trog's Hand       |       |       |     8 |    12 ||    20
Evoke: Wand              |       |       |       |     1 ||     1
       Tin of tremorston |       |       |       |     1 ||     1
  Use: Scroll            |       |       |     5 |     9 ||    14
       Potion            |       |       |       |     8 ||     8
 Stab: Invisible         |       |       |       |     3 ||     3
Armor: Animal skin       |    12 |       |       |       ||    12
       Chain mail        |    66 |   115 |   172 |    38 ||   391
       Plate armour      |       |       |       |   305 ||   305
Dodge: Dodged            |    64 |    92 |   166 |   236 ||   558

Table legend: (Time is in decaauts)
 A = Elapsed time spent in this place.
 B = Non-inter-level travel time spent in this place.
 C = Inter-level travel time spent in this place.
 D = Time resting spent in this place.
 E = Time spent auto-exploring this place.
 F = Levels seen in this place.
 G = Mean time per level.
                   A        B        C        D        E       F      G
               +--------+--------+--------+--------+--------+-----+--------+
         Total |  16224 |  15486 |    738 |   1827 |  10752 |  14 | 1158.9 |
       Dungeon |  15858 |  15120 |    738 |   1827 |  10582 |  13 | 1219.8 |
        Bailey |    366 |    366 |      0 |      0 |    170 |   1 |  366.0 |
               +--------+--------+--------+--------+--------+-----+--------+

Top non-repeatable levels by time:
    D:12: 2490 daAuts
     D:5: 1739 daAuts
     D:1: 1660 daAuts
    D:10: 1484 daAuts
     D:9: 1407 daAuts
     D:4: 1313 daAuts
    D:11: 1111 daAuts
     D:8: 1103 daAuts
     D:7: 999 daAuts
     D:2: 962 daAuts
     D:6: 879 daAuts
     D:3: 487 daAuts
  Bailey: 366 daAuts
    D:13: 220 daAuts
